 Dungeon Crawl Stone Soup version 0.28-a0-1493-g08698888e4 (webtiles) character file.

Game seed: 15814096347950172738

55 bande the Covered (level 3, -1/23 HPs)
             Began as a Gargoyle Fighter on Jan 13, 2022.
             Slain by a worm (3 damage)
             ... on level 2 of the Dungeon.
             The game lasted 00:02:23 (1682 turns).

bande the Covered (Gargoyle Fighter)                Turns: 1682, Time: 00:02:24

Health: -1/23      AC: 10    Str: 18 (19) XL:     3   Next: 93%
Magic:  3/3        EV:  9    Int:  5 (8)  God:
Gold:   49         SH:  4    Dex:  9 (11) Spells: 2/2 levels left

rFire   . . .      SeeInvis .   a - +0 war axe
rCold   . . .      Faith    .   c - +0 buckler
rNeg    + . .      Spirit   .   b - +0 scale mail
rPois   ∞          Reflect  .   (no helmet)
rElec   +          Harm     .   (no cloak)
rCorr   .          Rampage  .   (no gloves)
Will    .....                   (no boots)
Stlth   ..........              (no amulet)
HPRegen 0.07/turn               (no ring)
MPRegen 0.08/turn               (no ring)

@: flying (expiring), hasted, very quick
A: sickness immunity, AC +3, negative energy resistance 1, electricity
resistance, torment resistance 1, petrification resistance
a: no special abilities


You were on level 2 of the Dungeon.
You visited 1 branch of the dungeon, and saw 2 of its levels.

You collected 49 gold pieces.

Inventory:

Hand Weapons
 a - a +0 war axe (weapon)
Armour
 b - a +0 scale mail (worn)
 c - a +0 buckler (worn)
Scrolls
 g - a scroll of blinking
 h - a scroll of immolation {unknown}
Potions
 d - a potion of might


   Skills:
 + Level 3.5 Fighting
 + Level 2.6 Axes
 + Level 4.0 Armour
 + Level 3.6 Shields


You had 2 spell levels left.
You didn't know any spells.
Your spell library contained the following spells:

 Spells                   Type           Power      Damage    Failure   Level
 Magic Dart               Conj           0%         1d3       91%         1
 Call Imp                 Summ           0%         N/A       97%         2
 Mephitic Cloud           Conj/Pois/Air  0%         N/A       100%        3


Dungeon Overview and Level Annotations

Branches:
Dungeon (2/15)

Altars:


Innate Abilities, Weirdness & Mutations

You are immune to sickness and miasma.
Your stone body is resilient. (AC +3)
You are immune to poison.
You resist negative energy. (rN+)
You are resistant to electric shocks. (rElec)
You are resistant to unholy torment.
You are immune to petrification.


Message History

Robin hits you but does no damage.
You hit Robin but do no damage.
Robin is severely wounded.
Robin's horned helmet rattles.
Robin closely misses you.
You hit Robin but do no damage.
Robin is severely wounded.
You block Robin's attack.
You hit Robin.
Robin is almost dead.
Robin closely misses you.
You barely miss Robin.
Robin is almost dead.
The hobgoblin no longer looks unusually strong.
You closely miss Robin.
Robin is almost dead.
Robin roars a battlecry!
The hobgoblin goes into a battle-frenzy!
You closely miss Robin.
Robin is almost dead.
Robin's bangles clink loudly.
Robin hits you but does no damage.
You hit Robin but do no damage.
Robin is almost dead.
Robin hits you but does no damage.
You barely miss Robin.
Robin is almost dead.
Robin hits you with a +0 club.
* * * LOW HITPOINT WARNING * * *
You closely miss Robin.
Robin is almost dead.
You are starting to lose your buoyancy.
Robin completely misses you.
You slash Robin!
You kill Robin!
You feel your strength returning.
Your Armour skill increases to level 4!
You completely miss the worm. You barely miss the worm. The worm bites you.
You die...

#######
##############
.......
#.........)..#
.......
#.##########)#
...<... #.##...#
#<#@# .gg.g..
#.##...#
#.#w##.......
#.##...#
#.#g..!g.....
#.##...#
#.#...).w....
#.##...#
#.#.......... #
#.##...#
#.#......####
#.#.##...###.#.######
#...)........#.#
##..##########.#


You could see a worm and a hobgoblin (strong).

Vanquished Creatures
  Robin (D:2)
  3 ball pythons
  2 bats (D:1)
  4 endoplasms
  A giant cockroach (D:1)
  11 goblins
  5 hobgoblins
  2 quokkas (D:1)
  3 frilled lizards (D:1)
  4 kobolds (D:1)
36 creatures vanquished.

Notes
Turn   | Place    | Note
-------+----------+-------------------------------------------
     0 | D:1      | bande the Gargoyle Fighter began the quest for the Orb.
     0 | D:1      | Reached XP level 1. HP: 14/14 MP: 1/1
   353 | D:1      | Reached XP level 2. HP: 9/19 MP: 2/2
  1476 | D:2      | Reached XP level 3. HP: 23/23 MP: 3/3
  1630 | D:2      | Noticed Robin
  1680 | D:2      | Killed Robin
  1681 | D:2      | Reached skill level 4 in Armour
  1682 | D:2      | Slain by a worm

Illustrated notes

Levels and vault maps discovered:
D:1:      dpeg_cavernosity, layout_loops_ring
D:2:      layout_basic, ebering_ecumenical_altar_mist, uniq_terence, uniq_robin,
          uniq_jessica

Skill      XL: |  1  2  3 |
---------------+----------+-----
Axes           | 2 |  2.6
Armour         | 4 |  4.0
Fighting       | |  3.5
Shields        | |  3.6

Action                   || total
-------------------------++-------
Melee: War axe           ||   148
  Use: Scroll            ||     3
       Potion            ||     3
Armor: Scale mail        ||    94
Dodge: Dodged            ||    75
Block: Buckler           ||    35

Table legend: (Time is in decaauts)
 A = Elapsed time spent in this place.
 B = Non-inter-level travel time spent in this place.
 C = Inter-level travel time spent in this place.
 D = Time resting spent in this place.
 E = Time spent auto-exploring this place.
 F = Levels seen in this place.
 G = Mean time per level.
                   A        B        C        D        E       F      G
               +--------+--------+--------+--------+--------+-----+--------+
         Total |   1734 |   1690 |     44 |    368 |   1010 |   2 |  867.0 |
       Dungeon |   1734 |   1690 |     44 |    368 |   1010 |   2 |  867.0 |
               +--------+--------+--------+--------+--------+-----+--------+

Top non-repeatable levels by time:
     D:1: 1500 daAuts
     D:2: 234 daAuts
